 Dungeon Crawl Stone Soup version 0.26-a0-980-g0fe3eaa9ac (webtiles) character file.

Game seed: 1940316735432895576

121 pablito the Chiller (level 5, -1/35 HPs)
             Began as a Merfolk Ice Elementalist on Dec 4, 2020.
             Slain by Terence
             ... wielding a +0 mace
              (3 damage)
             ... on level 2 of the Dungeon on Dec 5, 2020.
             The game lasted 00:11:15 (2881 turns).

pablito the Chiller (Merfolk Ice Elementalist)      Turns: 2881, Time: 00:11:16

Health: -1/35      AC:  2    Str:  8    XL:     5   Next: 5%
Magic:  0/8        EV: 14    Int: 15    God:
Gold:   92         SH:  0    Dex: 15    Spells: 2/9 levels left

rFire    . . .     SeeInvis .   c - +0 spear
rCold    + . .     Faith    .   (no shield)
rNeg     . . .     Spirit   +   a - +0 robe
rPois    .         Reflect  .   (no helmet)
rElec    .         Harm     .   (no cloak)
rCorr    .         Rampage  .   (no gloves)
MR       .....                  (no boots)
Stlth    ++........             f - amulet of guardian spirit (curse)
HPRegen  0.11/turn              b - ring of protection from cold
MPRegen  0.11/turn              (no ring)

@: no status effects
A: change form in water, swift swim, stealthy swim
a: no special abilities


You were on level 2 of the Dungeon.
You visited 1 branch of the dungeon, and saw 2 of its levels.

You collected 92 gold pieces.

Inventory:

Hand Weapons
 c - a +0 spear (weapon)
Armour
 a - a +0 robe (worn)
 g - a +0 chain mail
Jewellery
 b - a ring of protection from cold (left hand)
 f - a cursed amulet of guardian spirit (around neck)
Scrolls
 j - a scroll of remove curse
Potions
 d - a potion of curing {unknown}
 e - a potion of berserk rage {unknown}
 h - a potion of ambrosia {unknown}
 i - a potion of lignification {unknown}


   Skills:
 + Level 2.3 Polearms
 + Level 4.4 Dodging
 - Level 2.1 Stealth
 + Level 2.5 Spellcasting
 + Level 5.3 Ice Magic


You had 2 spell levels left.
You knew the following spells:

 Your Spells              Type           Power        Failure   Level
a - Freeze                Ice            ###.         2%          1
b - Frozen Ramparts       Ice            ###...       7%          3
c - Ozocubu's Armour      Ice            ###.....     7%          3

Your spell library contained the following spells:

 Spells                   Type           Power        Failure   Level
 Hailstorm                Conj/Ice       #.......     56%         4
 Summon Ice Beast         Ice/Summ       #.......     56%         4


Dungeon Overview and Level Annotations

Branches:
Dungeon (2/15)

Altars:
Fedhas

Annotations:
D:2 Terence


Message History

Terence is almost dead.
You closely miss Terence.
Terence is almost dead.
Terence hits you with a +0 mace!
* * * LOW HITPOINT WARNING * * *
You hit Terence but do no damage.
Terence is almost dead.
Terence completely misses you.
Okay, then.
You barely miss Terence.
Terence is almost dead.
Terence hits you with a +0 mace.
* * * LOW HITPOINT WARNING * * *
You hit Terence but do no damage.
Terence is almost dead.
Terence hits you with a +0 mace.
You closely miss Terence.
Terence is almost dead.
Terence hits you with a +0 mace.
You die...

...###.....####.## #.###....
)...#...)...##...## #.#
#####
....#.......#.....#######.#
#
....#.......#.............#
#
...###.....##.....####.####
# รท.## ##...####...## #.# #
'#######'##(.....# #.# #
...........)####.# #.# #
............# #@# #.# #
............#
#@#####.##########
'#######'##.#
#................. ..##
##...######.....#.##########
...###.....##..........#
..(.#.......#.##.....###
....#.......#.##....##
[...#.[.)...#.#######
...###.....##.#


You could see Terence.

Vanquished Creatures
  Jessica (D:2)
  4 adders (D:2)
  2 oozes
  A worm (D:2)
  2 dart slugs
  3 leopard geckos
  4 bats
  A giant cockroach (D:2)
  3 goblins
  8 hobgoblins
  7 kobolds
  A quokka (D:2)
  3 frilled lizards
  4 rats
44 creatures vanquished.

Notes
Turn   | Place    | Note
-------+----------+-------------------------------------------
     0 | D:1      | pablito the Merfolk Ice Elementalist began the quest for
                  | the Orb.
     0 | D:1      | Reached XP level 1. HP: 13/13 MP: 3/3
    35 | D:1      | You fall into a shaft and drop 1 floor!
    39 | D:2      | Reached XP level 2. HP: 19/19 MP: 1/5
   188 | D:2      | Noticed Jessica
   513 | D:1      | Reached XP level 3. HP: 21/24 MP: 2/6
   588 | D:1      | Learned a level 3 spell: Frozen Ramparts
   604 | D:1      | Reached skill level 5 in Ice Magic
   994 | D:1      | Reached skill level 1 in Polearms
  1559 | D:2      | Found a faded altar of an unknown god.
  1615 | D:2      | Reached XP level 4. HP: 21/30 MP: 3/7
  1623 | D:2      | Killed Jessica
  1801 | D:2      | Found a blossoming altar of Fedhas.
  1952 | D:2      | Upgraded the game from 0.26-a0-966-gd078a86f14 to
                  | 0.26-a0-971-g1d9d62bb61
  1952 | D:2      | Upgraded the game from 0.26-a0-971-g1d9d62bb61 to
                  | 0.26-a0-980-g0fe3eaa9ac
  1989 | D:2      | Noticed Terence
  2168 | D:2      | Learned a level 3 spell: Ozocubu's Armour
  2577 | D:2      | Reached XP level 5. HP: 17/35 MP: 0/8
  2877 | D:2      | HP: 2/35 [Terence/+0 mace (7)]
  2881 | D:2      | Slain by Terence

Illustrated notes

Levels and vault maps discovered:
D:1:      zaba_arrival_water, layout_basic
D:2:      kennysheep_six_static_rooms, layout_loops_ring,
          overflow_temple_1_default, zin_angel, chequers_ecumenical_altar_grove,
          uniq_jessica, uniq_terence

Skill      XL: |  1  2  3  4 |
---------------+-------------+-----
Dodging        | 3 4 |  4.4
Ice Magic      | 5 |  5.3
Polearms       | 1 2 |  2.3
Stealth        | |  2.1
Spellcasting   | |  2.5

Action                   |  1- 3 |  4- 6 || total
-------------------------+-------+-------++-------
Melee: Unarmed           |     2 |       ||     2
       Spear             |    52 |   122 ||   174
 Cast: Freeze            |    22 |       ||    22
       Frozen Ramparts   |     3 |     5 ||     8
       Ozocubu's Armour  |       |     1 ||     1
  Use: Scroll            |     2 |     3 ||     5
 Stab: Sleeping          |     3 |     2 ||     5
Armor: Robe              |     5 |    16 ||    21
Dodge: Dodged            |    42 |    64 ||   106

Table legend: (Time is in decaauts)
 A = Elapsed time spent in this place.
 B = Non-inter-level travel time spent in this place.
 C = Inter-level travel time spent in this place.
 D = Time resting spent in this place.
 E = Time spent auto-exploring this place.
 F = Levels seen in this place.
 G = Mean time per level.
                   A        B        C        D        E       F      G
               +--------+--------+--------+--------+--------+-----+--------+
         Total |   2878 |   2837 |     41 |    496 |   1838 |   2 | 1439.0 |
       Dungeon |   2878 |   2837 |     41 |    496 |   1838 |   2 | 1439.0 |
               +--------+--------+--------+--------+--------+-----+--------+

Top non-repeatable levels by time:
     D:2: 1866 daAuts
     D:1: 1011 daAuts
